 Dungeon Crawl Stone Soup version 0.27-a0-1500-g450c7e4133 (webtiles) character file.

Game seed: 10751872108505699030

15511 gruber the Geomancer (level 12, -7/75 HPs)
             Began as a Gargoyle Earth Elementalist on July 7, 2021.
             Was a Priest of Vehumet.
             Mangled by a boulder beetle (45 damage)
             ... on level 12 of the Dungeon.
             The game lasted 00:24:18 (15865 turns).

gruber the Geomancer (Gargoyle Earth Elementalist) Turns: 15865, Time: 00:24:19

Health: -7/75      AC: 21    Str: 13    XL:     12   Next: 27%
Magic:  4/19       EV: 18    Int: 22    God:    Vehumet [***...]
Gold:   679        SH:  0    Dex: 10    Spells: 9/21 levels left

rFire    + + +     SeeInvis .   b - +9 whip "Esuankum" {vamp, rF++ Str+2}
rCold    + + .     Faith    .   (no shield)
rNeg     + . .     Spirit   .   Q - +1 ring mail of Fortitude {rC+ Regen+}
rPois    ∞         Reflect  .   J - +2 helmet
rElec    +         Harm     .   X - scarf {rC+ rF+}
rCorr    .         Rampage  .   U - +0 pair of gloves
Will     .....                  (no boots)
Stlth    +.........             (no amulet)
HPRegen  1.22/turn              n - +4 ring of evasion
MPRegen  0.16/turn              y - +4 ring of evasion

@: no status effects
A: sickness immunity, AC +8, negative energy resistance 1, electricity
resistance, torment resistance 1, petrification resistance
a: Renounce Religion


You were on level 12 of the Dungeon.
You worshipped Vehumet.
Vehumet was most pleased with you.
You visited 2 branches of the dungeon, and saw 13 of its levels.

You collected 887 gold pieces.
You spent 208 gold pieces at shops.

Inventory:

Hand Weapons
 b - the +9 whip "Esuankum" (weapon) {vamp, rF++ Str+2}
   (You found it on level 12 of the Dungeon)

   It inflicts no extra harm, but heals its wielder when it wounds a living foe.
   Str:       It affects your strength (+2).
   rF:        It greatly protects you from fire.
 u - the +6 shortbow of Untruth {freeze, Fly Str+4}
   (You bought it in a shop on level 3 of the Dungeon)

   It causes projectiles fired from it to freeze those they strike, causing
   extra injury to most foes and up to half again as much damage against
   particularly susceptible opponents.
   They can also slow down cold-blooded creatures.
   Str:       It affects your strength (+4).
   Fly:       It grants you flight.
 B - a +0 flail of venom
 P - a +4 morningstar
Missiles
 c - 117 stones
 g - 35 poisoned darts
 h - a throwing net
Armour
 J - a +2 helmet (worn)
 Q - the +1 ring mail of Fortitude (worn) {rC+ Regen+}
   (You found it on level 9 of the Dungeon)

   rC:        It protects you from cold.
   Regen:     It increases your rate of health regeneration.
 U - a +0 pair of gloves (worn)
 X - a scarf of resistance (worn)
Magical Staves
 V - a staff of earth
Jewellery
 a - a ring of poison resistance
 n - a +4 ring of evasion (left hand)
 t - a ring of ice
 y - a +4 ring of evasion (right hand)
 D - a ring of fire
 W - a ring of magical power
Wands
 w - a wand of flame (44)
 I - a wand of polymorph (19)
 K - a wand of mindburst (8)
 L - a wand of iceblast (8)
Scrolls
 e - 3 scrolls of fear
 f - 2 scrolls of immolation {unknown}
 j - a scroll of amnesia {unknown}
 k - 3 scrolls of fog
 l - 3 scrolls of identify
 m - a scroll of summoning {unknown}
 o - 2 scrolls of teleportation {unknown}
 q - 2 scrolls of silence {unknown}
 s - a scroll of noise {unknown}
 C - a scroll of brand weapon {unknown}
 E - 2 scrolls of blinking
 F - 2 scrolls of enchant weapon
 G - 2 scrolls of enchant armour
 N - 2 scrolls of magic mapping {unknown}
 O - 2 scrolls of vulnerability {unknown}
Potions
 d - 5 potions of curing {unknown}
 i - 4 potions of might
 r - 2 potions of flight {unknown}
 v - 4 potions of degeneration {unknown}
 x - a potion of heal wounds {unknown}
 z - a potion of mutation {unknown}
 H - 2 potions of attraction {unknown}
 M - a potion of magic {unknown}
 T - a potion of lignification {unknown}
Miscellaneous
 S - a condenser vane (inert)


   Skills:
 * Level 8.7 Fighting
 - Level 0.3 Long Blades
 - Level 0.4(0.6) Axes
 - Level 0.6(0.7) Polearms
 - Level 0.5 Slings
 - Level 0.5 Crossbows
 - Level 10.0 Armour
 - Level 1.5 Dodging
 - Level 2.1 Stealth
 - Level 6.1 Shields
 - Level 5.3 Spellcasting
 - Level 5.3 Conjurations
 - Level 0.3 Hexes
 - Level 6.1 Summonings
 - Level 0.2 Necromancy
 - Level 0.4 Translocations
 - Level 0.7 Transmutations
 - Level 0.4 Fire Magic
 - Level 0.6 Ice Magic
 - Level 0.2 Air Magic
 - Level 12.0 Earth Magic
 - Level 0.3 Poison Magic
 - Level 0.4 Invocations


You had 9 spell levels left.
You knew the following spells:

 Your Spells              Type           Power      Damage    Failure   Level
a - Sandblast             Erth           100%       2d20      1%          1
b - Stone Arrow           Conj/Erth      88%        3d12      1%          3
c - Petrify               Tmut/Erth      34%        N/A       13%         4
d - Summon Ice Beast      Ice/Summ       20%        N/A       41%         4

Your spell library contained the following spells:

 Spells                   Type           Power      Damage    Failure   Level
 Conjure Flame            Conj/Fire      18%        6-21      4%          3
 Passwall                 Tmut/Erth      28%        N/A       1%          2
 Freeze                   Ice            32%        1d5       4%          1
 Animate Armour           Summ/Erth      92%        N/A       4%          4
 Poisonous Vapours        Pois/Air       14%        N/A       7%          2
 Mephitic Cloud           Conj/Pois/Air  14%        N/A       7%          3
 Frozen Ramparts          Ice            16%        1d3       11%         3
 Ignite Poison            Fire/Tmut/Pois 8%         N/A       12%         3
 Hailstorm                Conj/Ice       19%        3d6       14%         4
 Corona                   Hex            7%         N/A       16%         1
 Ensorcelled Hibernation  Hex/Ice        14%        N/A       22%         2
 Lesser Beckoning         Tloc           4%         N/A       41%         3
 Portal Projectile        Hex/Tloc       14%        N/A       43%         3
 Freezing Cloud           Conj/Ice/Air   7%         6-21      45%         5
 Summon Mana Viper        Hex/Summ       20%        N/A       80%         5
 Cause Fear               Hex            3%         N/A       85%         4
 Blade Hands              Tmut           4%         N/A       98%         5
 Excruciating Wounds      Necr           3%         N/A       99%         5
 Invisibility             Hex            3%         N/A       100%        6
 Dragon Form              Tmut           4%         N/A       100%        7
 Monstrous Menagerie      Summ           16%        N/A       100%        7
 Dragon's Call            Summ           16%        N/A       100%        9
 Statue Form              Tmut/Erth      Unusable   N/A       N/A         6

Dungeon Overview and Level Annotations

Branches:
Dungeon (12/15)            Temple (1/1) D:6            Lair (0/6) D:10
    Orc (0/2) D:10

Altars:
Ashenzari
Cheibriados
Dithmenos
Elyvilon
Fedhas
Gozag
Hepliaklqana
Kikubaaqudgha
Makhleb
Nemelex Xobeh
Okawaru
Qazlal
Ru
Sif Muna
Trog
Uskayaw
Vehumet
Wu Jian
Xom
Yredelemnul
Zin
The Shining One
Jiyva

Shops:
D:3 (:=:=


Innate Abilities, Weirdness & Mutations

You are immune to sickness and miasma.
Your stone body is resilient. (AC +8)
You are immune to poison.
You resist negative energy. (rN+)
You are resistant to electric shocks. (rElec)
You are resistant to unholy torment.
You are immune to petrification.


Message History

The boulder beetle bites you but does no damage.
You hit the boulder beetle but do no damage.
The boulder beetle is moderately wounded.
The boulder beetle misses you.
You strike the helpless boulder beetle from behind!
You hit the boulder beetle.
You feel better.
The boulder beetle is moderately wounded.
The boulder beetle bites you!!
You hit the boulder beetle but do no damage.
The boulder beetle is moderately wounded.
The boulder beetle stops moving altogether!
The helpless boulder beetle fails to defend itself.
You hit the boulder beetle but do no damage.
The boulder beetle is moderately wounded.
The helpless boulder beetle fails to defend itself.
You hit the boulder beetle but do no damage.
The boulder beetle is moderately wounded.
The helpless boulder beetle fails to defend itself.
You hit the boulder beetle but do no damage.
The boulder beetle is moderately wounded.
The helpless boulder beetle fails to defend itself.
You hit the boulder beetle but do no damage.
The boulder beetle is moderately wounded.
The helpless boulder beetle fails to defend itself.
You hit the boulder beetle but do no damage.
The boulder beetle is moderately wounded.
The helpless boulder beetle fails to defend itself.
You hit the boulder beetle.
The boulder beetle is moderately wounded.
The boulder beetle is no longer petrified.
The boulder beetle curls into a ball and begins rolling!
Casting: Petrify (dangerous; 13% risk of failure)
Confirm with . or Enter, or press ? or * to list all spells.
Aiming: Petrify (dangerous; 13% risk of failure)
Press: ? - help, Shift-Dir - straight line, f/p - boulder beetle
Aim: a boulder beetle (moderately wounded, rolling, chance to affect: 45%)
The boulder beetle resists with some effort.
The boulder beetle hits you!!!
Ouch! That really hurt!
You die...

+......# #.##
..####.### #..#
#.......# ##.#
#.#.#[#.#####.##
..#...#....##..#######
#.#.#...##.##.........
##.#.#.#.##.##..######.
.#.#.#.#.##.##...#
.#.#.#.#.##.##.#@#
.........##+##.#B##
..#.....## ..#○.#
..#..........####°#
..#.......... #'#
..#.........(# ...
..#..........# .....
..#..........##......
#.#.....##^..##...(...


You could see a boulder beetle (rolling).

Vanquished Creatures
  Gastronok (D:9)
  A hydra (D:11)
  4 two-headed ogres
  A deep elf archer (D:12)
  3 deep elf pyromancers (D:12)
  A cyclops (D:11)
  A deep elf zephyrmancer (D:12)
  A gargoyle (D:10)
  A wraith (D:10)
  A meliai zombie (D:10)
  Sigmund (D:3)
  A shadow (D:7)
  A vampire (D:11)
  4 yaks (D:9)
  3 wargs
  Menkaure (D:7)
  3 water moccasins
  A hornet zombie (D:9)
  6 orc warriors
  2 black bears
  4 necrophages
  3 ogres
  7 centaurs
  3 bullfrogs
  4 scorpions
  2 wyvern skeletons
  3 killer bees (D:10)
  22 wights
  An electric eel (D:10)
  3 hounds (D:5)
  A human zombie (D:9)
  3 bullfrog skeletons
  5 centaur zombies
  4 centaur skeletons
  A jelly (D:4)
  13 orc priests
  An iguana (D:4)
  Natasha (thrice) (D:3)
  7 orc wizards
  A killer bee zombie (D:8)
  2 mummies (D:9)
  2 howler monkey zombies (D:9)
  Robin (D:3)
  3 gnolls (D:5)
  9 adders
  3 ufetubi
  4 dart slugs
  30 orcs
  8 ball pythons
  3 bats
  5 endoplasms
  3 giant cockroaches
  17 goblins
  7 hobgoblins
  8 jackals
  7 quokkas
  2 frilled lizards (D:3)
  5 kobolds
  7 rats
255 creatures vanquished.

Notes
Turn   | Place    | Note
-------+----------+-------------------------------------------
     0 | D:1      | gruber the Gargoyle Earth Elementalist began the quest for
                  | the Orb.
     0 | D:1      | Reached XP level 1. HP: 10/10 MP: 3/3
    25 | D:1      | Reached skill level 4 in Earth Magic
   194 | D:1      | Reached XP level 2. HP: 5/15 MP: 3/5
   798 | D:1      | Reached XP level 3. HP: 17/19 MP: 1/6
  1059 | D:1      | Learned a level 3 spell: Stone Arrow
  1677 | D:1      | Found a faded altar of an unknown god.
  1891 | D:2      | Reached skill level 5 in Earth Magic
  2074 | D:2      | Reached XP level 4. HP: 24/24 MP: 4/7
  2837 | D:3      | Noticed Natasha
  2843 | D:3      | Killed Natasha
  2844 | D:3      | Reached skill level 6 in Earth Magic
  2912 | D:3      | Found Mivim's Jewellery Shop.
  2915 | D:3      | Found Buxiorgh's Book Emporium.
  2997 | D:3      | Reached XP level 5. HP: 14/28 MP: 3/8
  3214 | D:3      | Reached skill level 7 in Earth Magic
  3304 | D:3      | Found a radiant altar of Vehumet.
  3308 | D:3      | Noticed Sigmund
  3363 | D:3      | Found a shimmering blue altar of Sif Muna.
  3376 | D:3      | Found Qisew's Jewellery Emporium.
  3544 | D:3      | Noticed Natasha
  3553 | D:3      | Killed Natasha
  3588 | D:2      | Learned a level 4 spell: Petrify
  3711 | D:3      | Found Nocze's Antique Weapon Shop.
  3724 | D:3      | Reached XP level 6. HP: 28/32 MP: 9/9
  3775 | D:3      | Bought a glimmering shortbow for 208 gold pieces
  3775 | D:3      | Identified the +6 shortbow of Untruth {freeze, Fly Str+4}
                  | (You bought it in a shop on level 3 of the Dungeon)
  3915 | D:3      | Noticed Robin
  4140 | D:4      | Noticed a necrophage
  4147 | D:4      | Killed a necrophage
  4148 | D:4      | Reached skill level 8 in Earth Magic
  4501 | D:4      | Found an iron altar of Okawaru.
  4528 | D:4      | Reached XP level 7. HP: 28/36 MP: 7/10
  5179 | D:5      | Entered Level 5 of the Dungeon
  5662 | D:5      | Reached skill level 5 in Conjurations
  5662 | D:5      | Reached XP level 8. HP: 41/41 MP: 11/11
  6508 | D:6      | Reached skill level 5 in Spellcasting
  6661 | D:6      | Learned a level 4 spell: Summon Ice Beast
  6668 | D:6      | Reached skill level 1 in Summonings
  6694 | D:6      | Found a staircase to the Ecumenical Temple.
  6719 | Temple   | Entered the Ecumenical Temple
  7076 | D:3      | Became a worshipper of Vehumet
  7122 | D:3      | Noticed Natasha
  7128 | D:3      | Killed Natasha
  7152 | D:3      | Found an ancient bone altar of Kikubaaqudgha.
  7227 | D:3      | Killed Robin
  7381 | D:3      | Found Itobom's Book Shoppe.
  7475 | D:3      | Killed Sigmund
  7476 | D:3      | Reached XP level 9. HP: 45/45 MP: 11/16
  7788 | D:6      | Found an ornate altar of the Wu Jian Council.
  8126 | D:7      | Reached skill level 5 in Summonings
  8430 | D:7      | Found a sparkling altar of Nemelex Xobeh.
  8990 | D:7      | Noticed Menkaure
  8993 | D:7      | Killed Menkaure
  8994 | D:7      | Reached skill level 9 in Earth Magic
  9226 | D:7      | Found a glowing silver altar of Zin.
  9489 | D:8      | Reached * piety under Vehumet
  9489 | D:8      | Offered knowledge of Freeze by Vehumet.
  9647 | D:8      | Reached skill level 10 in Earth Magic
 10205 | D:8      | Reached skill level 11 in Earth Magic
 10205 | D:8      | Reached XP level 10. HP: 47/50 MP: 17/17
 10338 | D:8      | Got the Tome of Spatial Execration
 10722 | D:9      | Noticed a two-headed ogre
 10736 | D:9      | Killed a two-headed ogre
 10845 | D:9      | Reached skill level 12 in Earth Magic
 10895 | D:9      | Identified the +1 ring mail of Fortitude {rC+ Regen+}
 11229 | D:9      | Got the Incunabulum of Ashen Poisoning
 11293 | D:9      | Reached skill level 1 in Armour
 11431 | D:9      | Noticed Gastronok
 11850 | D:9      | Found a basalt altar of Yredelemnul.
 11963 | D:9      | Found a stormy altar of Qazlal.
 12006 | D:9      | Offered knowledge of Poisonous Vapours by Vehumet.
 12033 | D:9      | Killed Gastronok
 12033 | D:9      | Reached ** piety under Vehumet
 12127 | D:9      | Reached XP level 11. HP: 54/54 MP: 11/18
 12428 | D:9      | Noticed a two-headed ogre
 12436 | D:9      | Killed a two-headed ogre
 12740 | D:10     | Entered Level 10 of the Dungeon
 12763 | D:9      | Reached skill level 10 in Armour
 12768 | D:10     | Found a staircase to the Lair.
 12775 | D:10     | Reached skill level 1 in Shields
 13005 | D:10     | Found a hazy altar of Hepliaklqana.
 13071 | D:10     | Found a burning altar of Makhleb.
 13324 | D:10     | Offered knowledge of Conjure Flame by Vehumet.
 13746 | D:10     | Reached skill level 5 in Shields
 13899 | D:10     | Found a staircase to the Orcish Mines.
 14273 | D:11     | Reached *** piety under Vehumet
 14581 | D:11     | Noticed a two-headed ogre
 14586 | D:11     | Killed a two-headed ogre
 14634 | D:11     | Identified the +4 plate armour "Dunidis" {+Blink rC+}
 14701 | D:11     | Noticed a two-headed ogre
 14706 | D:11     | Killed a two-headed ogre
 14707 | D:11     | Reached skill level 5 in Fighting
 14756 | D:11     | Noticed a cyclops
 14761 | D:11     | Killed a cyclops
 14973 | D:11     | Noticed a five-headed hydra
 15336 | D:11     | Killed a five-headed hydra
 15337 | D:11     | Reached XP level 12. HP: 53/71 MP: 3/19
 15786 | D:12     | Identified the +9 whip "Esuankum" {vamp, rF++ Str+2}
 15845 | D:12     | Noticed a boulder beetle
 15865 | D:12     | Mangled by a boulder beetle

Illustrated notes

Levels and vault maps discovered:
D:1:      eino_arrival_cavern_d, layout_loops_ring,
          shapermc_ecumenical_altar_hornbeckon
D:2:      minmay_spotlight, layout_rooms, guppyfry_early_lair_pool
D:3:      layout_basic, nicolae_vehumet_radiance, old_standard_altar,
          kiku_gazebo_pond_becter, serial_shops, nicolae_shop_stone,
          nicolae_shop_statue_plus, nicolae_shop_stone,
          nicolae_shop_statue_plus, nicolae_shop_crystal, uniq_sigmund,
          uniq_robin, uniq_natasha
D:4:      layout_loops_ring, okawaru_trees_1, serial_park_tiny_2
D:5:      layout_loops_ring
D:6:      layout_basic, lemuel_tele_altar, minmay_temple_entry_stoned_glass,
          hangedman_abyss_or_decor_stagger, kennysheep_generic_room_12
D:7:      layout_loops_ring, zin_treasury, nemelex_spade_bored_becter,
          uniq_menkaure
D:8:      layout_basic, enter_bailey_3
D:9:      layout_long_grid, lemuel_mausoleum_altar_yredelemnul,
          grunt_qazlal_sundering, uniq_gastronok
D:10:     layout_rooms, nzn_hepliaklqana_mist_gate, bloody_makhleb,
          erik_lair_orcish_takeover, erik_orc_2
D:11:     layout_irregular_city
D:12:     layout_basic
Temple:   pf_slimified_temple

Skill      XL: |  1  2  3  4  5  6  7  8  9 10 11 12 |
---------------+-------------------------------------+-----
Earth Magic    | 4 5 6 7 8 11 12 | 12.0
Conjurations   | 5 |  5.3
Spellcasting   | 5 |  5.3
Summonings     | 3 6 |  6.1
Armour         | 8 10 | 10.0
Shields        | 6 |  6.1
Fighting       | 6 8 |  8.7
Long Blades    | |  0.3
Axes           | |  0.4
Polearms       | |  0.6
Slings         | |  0.5
Crossbows      | |  0.5
Dodging        | |  1.5
Stealth        | |  2.1
Hexes          | |  0.3
Necromancy     | |  0.2
Translocations | |  0.4
Transmutations | |  0.7
Fire Magic     | |  0.4
Ice Magic      | |  0.6
Air Magic      | |  0.2
Poison Magic   | |  0.3
Invocations    | |  0.4

Action                   |  1- 3 |  4- 6 |  7- 9 | 10-12 || total
-------------------------+-------+-------+-------+-------++-------
Melee: Staff             |    41 |       |       |     8 ||    49
       Unarmed           |     7 |     3 |       |       ||    10
       Mace              |    22 |    85 |       |       ||   107
       Dagger            |       |    45 |    63 |       ||   108
       Flail             |       |       |   159 |       ||   159
       Quarterstaff      |       |       |     1 |       ||     1
       Morningstar       |       |       |    17 |    61 ||    78
       Whip              |       |       |       |    11 ||    11
 Cast: Sandblast         |    32 |    36 |    95 |   111 ||   274
       Stone Arrow       |       |       |     3 |    87 ||    90
       Petrify           |       |       |     1 |     7 ||     8
       Summon Ice Beast  |       |       |       |     2 ||     2
Evoke: Condenser vane    |       |       |       |     1 ||     1
  Use: Scroll            |       |       |       |     5 ||     5
 Stab: Sleeping          |     2 |     2 |     4 |       ||     8
       Petrified         |       |       |     9 |     6 ||    15
       Petrifying        |       |       |       |     1 ||     1
Armor: Robe              |    31 |    55 |   100 |    16 ||   202
       Ring mail         |       |       |       |    53 ||    53
Dodge: Dodged            |    41 |   138 |   375 |   168 ||   722

Table legend: (Time is in decaauts)
 A = Elapsed time spent in this place.
 B = Non-inter-level travel time spent in this place.
 C = Inter-level travel time spent in this place.
 D = Time resting spent in this place.
 E = Time spent auto-exploring this place.
 F = Levels seen in this place.
 G = Mean time per level.
                   A        B        C        D        E       F      G
               +--------+--------+--------+--------+--------+-----+--------+
         Total |  16038 |  15280 |    758 |    338 |  12401 |  13 | 1233.7 |
       Dungeon |  15879 |  15141 |    738 |    338 |  12262 |  12 | 1323.2 |
        Temple |    158 |    139 |     19 |      0 |    139 |   1 |  158.0 |
               +--------+--------+--------+--------+--------+-----+--------+

Top non-repeatable levels by time:
     D:9: 2152 daAuts
     D:1: 1770 daAuts
     D:3: 1567 daAuts
    D:10: 1421 daAuts
     D:2: 1392 daAuts
     D:8: 1354 daAuts
    D:11: 1308 daAuts
     D:5: 1308 daAuts
     D:7: 1266 daAuts
     D:4: 1061 daAuts
     D:6: 926 daAuts
    D:12: 349 daAuts
  Temple: 158 daAuts
